 Dungeon Crawl Stone Soup version 0.18-a0-1778-gadce9fa (webtiles) character file.

49 mmcf the Ruffian (level 3, -2/36 HPs)
             Began as a Troll Monk on Apr 16, 2016.
             Killed from afar by an orc wizard (8 damage)
             ... with a magic dart
             ... on level 2 of the Dungeon.
             The game lasted 00:02:06 (826 turns).

mmcf the Ruffian (Troll Monk)                        Turns: 826, Time: 00:02:07

Health: -2/36      AC:  5    Str: 19    XL:     3   Next: 53%
Magic:  2/2        EV: 11    Int:  6    God:
Gold:   14         SH:  0    Dex: 13    Spells: 0 memorised, 2 levels left

rFire  . . .     SeeInvis .       - Unarmed
rCold  . . .     Gourm    +     a - +0 robe
rNeg   . . .     Faith    .     (no shield)
rPois  .         Spirit   .     (helmet restricted)
rElec  .         Dismiss  .     (no cloak)
rCorr  .         Reflect  .     (gloves unavailable)
SustAt .         Harm     .     (boots unavailable)
MR     .....                    (no amulet)
Stlth  +.........               (no ring)
                                (no ring)

@: confused, slowed, very slow, not resistant to hostile enchantments, very
unstealthy
A: unfitting armour, claws 3, fast metabolism 3, gourmand, regeneration 2,
shaggy fur 1, tough skin 2
a: no special abilities


You were on level 2 of the Dungeon.
You were very full.

You visited 1 branch of the dungeon, and saw 3 of its levels.

You collected 14 gold pieces.

Inventory:

Armour
 a - a +0 robe (worn)
Scrolls
 d - a scroll of enchant armour {unknown}
 i - a scroll of amnesia {unknown}
 j - a scroll of identify {unknown}
 k - a scroll of remove curse {unknown}
 l - a scroll of enchant weapon {unknown}
Potions
 c - a potion of curing {unknown}
 e - a potion of agility {unknown}
Comestibles
 b - 2 bread rations
 f - 3 fruits
 g - 2 slices of pizza
 h - 2 meat rations
 m - 3 chunks of flesh


   Skills:
 + Level 2.7 Fighting
 + Level 3.0 Dodging
 - Level 1.1 Stealth
 + Level 4.6 Unarmed Combat


You had 2 spell levels left.
You didn't know any spells.

Dungeon Overview and Level Annotations

Branches:
Dungeon (3/15)

Altars:


Innate Abilities, Weirdness & Mutations

You are too large for most types of armour.
You have claws for hands.
Your metabolism is lightning-fast.
You like to eat raw meat.
You heal very quickly.
You are covered in fur (AC +1).
You have very tough skin (AC +2).


Message History

The goblin hits you but does no damage. The orc hits you with a club.
* * * LOW HITPOINT WARNING * * *
The orc wizard misses you.
You're too confused!
The kobold hits you with a short sword.
* * * LOW HITPOINT WARNING * * *
The orc wizard casts a spell.
The orc wizard flickers and vanishes!
Deactivating autopickup; reactivate with Ctrl-A.
The orc wizard gestures at you while chanting.
You feel yourself slow down. The orc hits you with a club.
* * * LOW HITPOINT WARNING * * *
The kobold hits you but does no damage.
The orc wizard gestures at you while chanting.
You feel as though you will be slow longer.
The orc hits you but does no damage. The kobold barely misses you.
You're too confused to move!
The orc wizard points at you and mumbles some strange words.
The magic dart hits you!
You die...

.....##.......#
###....#####.####
#......#.....#
#.#..#.#.#####
##.###.#..#.#)#
..........#.#.#####
###...(.(......#
#...(......###....
#.#.@.##.### ## #
#Koo#...#
#{lg.###.# #...##
#.# .....# .#
####..# # #...###.#
........# ##.......


You could see an orc wizard, an orc, a goblin, a kobold and a giant newt.

Vanquished Creatures
  An adder (D:2)
  2 giant geckos
  2 bats
  7 giant cockroaches
  6 goblins
  A hobgoblin (D:1)
  6 kobolds
  A quokka (D:2)
  2 giant newts (D:1)
  7 rats
35 creatures vanquished.

Notes
Turn   | Place    | Note
--------------------------------------------------------------
     0 | D:1      | mmcf the Troll Monk began the quest for the Orb.
     0 | D:1      | Reached XP level 1. HP: 22/22 MP: 0/0
    65 | D:1      | Reached XP level 2. HP: 21/29 MP: 1/1
   318 | D:2      | Reached XP level 3. HP: 36/36 MP: 2/2
   826 | D:2      | Killed from afar by an orc wizard

Vault maps used:
D:1:      elethiomel_arrival_quiet
D:2:      ecumenical_altar_2

Skill      XL: |  1  2  3 |
---------------+----------+-----
Dodging        | 3 |  3.0
Fighting       | |  2.7
Stealth        | |  1.1
Unarmed Combat | |  4.6

Action                   || total
-------------------------++-------
Melee: Unarmed           ||    74
       Punch             ||     1
 Stab: Sleeping          ||     2
  Eat: Chunk             ||    11
Armor: Robe              ||    24
Dodge: Dodged            ||    44
